 Dungeon Crawl Stone Soup version 0.21-a0-150-gc243083 (webtiles) character file.

103 drasked the Ruffian (level 4, 0/45 HPs)
             Began as a Troll Monk on July 26, 2017.
             Slain by a gnoll
             ... wielding a +0 whip
              (4 damage)
             ... on level 2 of the Dungeon.
             The game lasted 00:01:38 (1123 turns).

drasked the Ruffian (Troll Monk)                    Turns: 1123, Time: 00:01:39

Health: 0/45       AC:  5    Str: 20    XL:     4   Next: 51%
Magic:  3/3        EV: 11    Int:  6    God:
Gold:   100        SH:  0    Dex: 12    Spells: 3/3 levels left

rFire    . . .     SeeInvis .     - Unarmed
rCold    . . .     Gourm    +   (no shield)
rNeg     . . .     Faith    .   a - +0 robe
rPois    .         Spirit   .   (helmet restricted)
rElec    .         Reflect  .   (no cloak)
rCorr    .         Harm     .   (gloves unavailable)
MR       .....                  (boots unavailable)
Stlth    ++........             (no amulet)
HPRegen  0.55/turn              (no ring)
MPRegen  0.08/turn              (no ring)

@: no status effects
A: unfitting armour, claws 3, fast metabolism 3, gourmand, regeneration 1,
shaggy fur 1, tough skin 2
a: no special abilities


You were on level 2 of the Dungeon.
You were very full.

You visited 1 branch of the dungeon, and saw 2 of its levels.

You collected 100 gold pieces.

Inventory:

Armour
 a - a +0 robe (worn)
Scrolls
 d - a scroll of remove curse {unknown}
 e - a scroll of recharging {unknown}
 f - 2 scrolls of enchant armour {unknown}
 j - a scroll of fog {unknown}
 k - a scroll of fear {unknown}
Potions
 c - 3 potions of lignification {unknown}
 h - 2 potions of haste {unknown}
 l - a potion of magic {unknown}
Comestibles
 b - 4 bread rations {@e1}
 g - a meat ration {@e2}
 i - 2 royal jellies


   Skills:
 + Level 3.0 Fighting
 + Level 2.9 Dodging
 - Level 1.0 Stealth
 * Level 4.4 Unarmed Combat


You had 3 spell levels left.
You didn't know any spells.

Dungeon Overview and Level Annotations

Branches:
Dungeon (2/15)

Altars:
Uskayaw


Innate Abilities, Weirdness & Mutations

You are too large for most types of armour.
You have claws for hands.
Your metabolism is lightning-fast.
You like to eat raw meat.
Your natural rate of healing is unusually fast.
You are covered in fur. (AC +1)
You have very tough skin. (AC +2)


Message History

The goblin shouts!
There is a large open door here.
A goblin is nearby!
You claw the goblin!
You kill the goblin!
No target in view!
No target in view!
You see here a dagger.
A bat comes into view.
A bat is nearby!
A bat is nearby!
A bat is nearby!
A bat is nearby!
The bat hits you but does no damage. The bat closely misses you.
You claw the bat!
You kill the bat!
No target in view!
No target in view!
You see here a bat corpse.
You open the door.
Found an escape hatch in the ceiling.
There is an open door here.
h - 2 glowing dark potions A dart slug comes into view.
A dart slug is nearby!
A goblin comes into view. It is wielding a club.
You claw the dart slug! You scratch the dart slug.
The dart slug launches a dart at you. The slug dart misses you.
You scratch the dart slug.
You kill the dart slug!
You scratch the goblin.
You kill the goblin!
No target in view!
No target in view!
Things that are here:
a club; a goblin corpse
Things that are here:
a club; a goblin corpse You open the door.
A kobold comes into view. It is wielding a dagger.
A kobold is nearby!
A kobold is nearby!
A kobold is nearby!
The kobold shouts!
There is an open door here.
You claw the kobold!
You kill the kobold!
No target in view!
No target in view!
You see here a dagger.
You open the door.
There is an open door here.
Found a stone staircase leading down.
There is a stone staircase leading down here.
You open the door.
There is an open door here.
A gnoll comes into view. It is wielding a whip.
The gnoll shouts! 2 gnolls come into view.
There are monsters nearby!
There are monsters nearby!
There are monsters nearby!
You barely miss the gnoll. The gnoll hits you with a whip!
You take 11 damage, and have 33/44 hp.
MASSIVE DAMAGE!!
You closely miss the gnoll. You closely miss the gnoll.
The gnoll closely misses you. The gnoll hits you with a whip.
You take 1 damage, and have 33/44 hp.
You scratch the gnoll. The gnoll closely misses you.
The gnoll hits you with a whip! The gnoll misses you.
You take 9 damage, and have 24/44 hp.
MASSIVE DAMAGE!!
You barely miss the gnoll. The gnoll hits you with a whip. x2
You take 7 damage, and have 17/44 hp.
You closely miss the gnoll. You claw the gnoll! The gnoll closely misses you.
The gnoll hits you with an enchanted halberd!
* * * LOW HITPOINT WARNING * * *
The gnoll barely misses you.
You take 9 damage, and have 8/44 hp.
MASSIVE DAMAGE!!
You mangle the gnoll!!
You kill the gnoll!
Your Fighting skill increases to level 3!
The gnoll hits you with a whip.
* * * LOW HITPOINT WARNING * * *
The gnoll hits you with a whip.
* * * LOW HITPOINT WARNING * * *
You take 5 damage, and have 3/45 hp.
The gnoll barely misses you.
You see here an enchanted halberd.
You claw the gnoll! The gnoll hits you but does no damage.
You scratch the gnoll but do no damage. The gnoll hits you but does no damage.
The gnoll hits you with a whip.
* * * LOW HITPOINT WARNING * * *
You take 1 damage, and have 3/45 hp.
You closely miss the gnoll. The gnoll hits you with a whip.
You die...

#############.##
................
####...######## ##
+...'....... .
#...######## #.
#...# ##.### #...#
#....# # #.<.#
###@#.# #...# #####
#..gg.# #...# #....
#.#.### ##### #....
#.#.# #.... #.#.#
#.... #.#.# ###
#....
#.#.#######.####....
#.#...............##
##.#####....######.#


You could see 2 gnolls.

Vanquished Creatures
  A gnoll (D:2)
  4 adders (D:2)
  A worm (D:2)
  A dart slug (D:2)
  A leopard gecko (D:2)
  A giant cockroach (D:2)
  6 goblins
  5 hobgoblins
  9 jackals (D:2)
  2 quokkas (D:2)
  A ball python (D:2)
  5 bats
  A frilled lizard (D:1)
  6 kobolds
  A rat (D:1)
45 creatures vanquished.

Notes
Turn   | Place    | Note
-------+----------+-------------------------------------------
     0 | D:1      | drasked the Troll Monk began the quest for the Orb.
     0 | D:1      | Reached XP level 1. HP: 22/22 MP: 0/0
   173 | D:1      | Reached XP level 2. HP: 25/29 MP: 1/1
   282 | D:1      | You fall through a shaft!
   290 | D:2      | Found a hide-covered altar of Uskayaw.
   386 | D:2      | Reached XP level 3. HP: 35/36 MP: 2/2
   394 | D:2      | Reached skill level 4 in Unarmed Combat
   674 | D:2      | Reached XP level 4. HP: 40/44 MP: 3/3
  1118 | D:2      | HP: 8/44 [gnoll/enchanted halberd (9)]
  1119 | D:2      | Reached skill level 3 in Fighting
  1119 | D:2      | HP: 3/45 [gnoll/whip (2)]
  1123 | D:2      | Slain by a gnoll

Vault maps used:
D:1:      elethiomel_arrival_quiet, lemuel_old_faithful
D:2:      lemuel_crystal_altar, first_bread

Skill      XL: |  1  2  3  4 |
---------------+-------------+-----
Unarmed Combat | 4 |  4.4
Fighting       | 3 |  3.0
Dodging        | |  2.9
Stealth        | |  1.0

Action                   |  1- 3 |  4- 6 || total
-------------------------+-------+-------++-------
Melee: Unarmed           |    96 |    30 ||   126
       Punch             |       |     1 ||     1
 Stab: Sleeping          |       |     1 ||     1
  Eat: Chunk             |    11 |     4 ||    15
Armor: Robe              |    31 |    10 ||    41
Dodge: Dodged            |    40 |    14 ||    54

Vault maps used:
D:1:      elethiomel_arrival_quiet, lemuel_old_faithful
D:2:      lemuel_crystal_altar, first_bread

Table legend:
 A = Turns spent in this place as a percentage of turns spent in the entire game.
 B = Non-inter-level travel turns spent in this place as a percentage of non-inter-level travel turns spent in the entire game.
 C = Inter-level travel turns spent in this place as a percentage of turns spent in this place.
 D = Turns resting spent in this place as a percentage of non-inter-level travel turns spent in this place.
 E = Turns spent auto-exploring this place as a percentage of non-inter-level travel turns spent in this place.
 F = Non-inter-level travel turns spent in this place divided by the number of levels of this place that you've seen.
                   A       B       C       D       E      F
               +-------+-------+-------+-------+-------+----------------------
         Total | 100.0 | 100.0 |   0.0 |   1.3 |   7.3 | 299.5
       Dungeon | 100.0 | 100.0 |   0.0 |   1.3 |   7.3 | 299.5
               +-------+-------+-------+-------+-------+----------------------

Table legend:
 A = Kills in this place as a percentage of kills in entire the game.
 B = Kills by you in this place as a percentage of kills by you in the entire game.
 C = Kills by friends in this place as a percentage of kills by friends in the entire game.
 D = Other kills in this place as a percentage of other kills in the entire game.
 E = Experience gained in this place as a percentage of experience gained in the entire game.
 F = Experience gained in this place divided by the number of levels of this place that you have seen.
                   A       B       C       D       E      F
               +-------+-------+-------+-------+-------+----------------------
         Total | 100.0 | 100.0 |  -nan |  -nan | 100.0 |  74.0
       Dungeon | 100.0 | 100.0 |  -nan |  -nan | 100.0 |  74.0
               +-------+-------+-------+-------+-------+----------------------
